 Dungeon Crawl Stone Soup version 0.23.2-33-g5129a83184 (webtiles) character file.

Game seed: 3488639998194159740

854 Gwenloh the Spear-Bearer (level 8, -1/56 HPs)
             Began as a Merfolk Gladiator on July 13, 2019.
             Was an Initiate of Hepliaklqana.
             Slain by Duvessa
             ... wielding a +0 short sword
              (4 damage)
             ... on level 5 of the Dungeon.
             The game lasted 00:16:51 (4363 turns).

Gwenloh the Spear-Bearer (Merfolk Gladiator)        Turns: 4363, Time: 00:16:52

Health: -1/56      AC:  8    Str: 15    XL:     8   Next: 1%
Magic:  8/8        EV: 13    Int:  7    God:    Hepliaklqana [......]
Gold:   229        SH:  9    Dex: 17    Spells: 7/7 levels left

rFire    . . .     SeeInvis .   a - +0 trident
rCold    . . .     Gourm    .   s - +0 shield
rNeg     . . .     Faith    .   m - +0 ring mail
rPois    .         Spirit   .   c - +1 helmet
rElec    .         Reflect  .   (no cloak)
rCorr    +         Harm     .   (no gloves)
MR       .....                  o - +0 pair of boots
Stlth    +.........             (no amulet)
HPRegen  0.18/turn              e - ring of resist corrosion
MPRegen  0.11/turn              (no ring)

@: no status effects
A: change form in water, swift swim, stealthy swim, reduced essence
a: Recall Ancestor, Ancestor Identity, Renounce Religion


You were on level 5 of the Dungeon.
You worshipped Hepliaklqana.
Hepliaklqana was noncommittal.
You were not hungry.

You visited 1 branch of the dungeon, and saw 5 of its levels.

You collected 229 gold pieces.

Inventory:

Hand Weapons
 a - a +0 trident (weapon)
Missiles
 d - 2 throwing nets (quivered)
 l - 7 needles of sleeping
Armour
 c - a +1 helmet (worn)
 j - a +0 scale mail
 m - a +0 ring mail (worn)
 o - a +0 pair of boots (worn)
 s - a +0 shield (worn)
Jewellery
 e - a ring of resist corrosion (left hand)
 w - an uncursed amulet of the acrobat {unknown}
Wands
 g - a wand of scattershot (8)
Scrolls
 n - a scroll of blinking
 p - 3 scrolls of remove curse
 q - a scroll of teleportation
 r - a scroll of enchant armour
 u - 2 scrolls of random uselessness {unknown}
Potions
 h - a potion of flight {unknown}
 i - a potion of magic {unknown}
 k - 3 potions of mutation
 t - a potion of curing {unknown}
Comestibles
 f - 13 rations
 v - 2 chunks of flesh


   Skills:
 + Level 5.5 Fighting
 + Level 8.0 Polearms
 - Level 2.0 Throwing
 + Level 7.3 Dodging
 + Level 2.9 Shields


You had 7 spell levels left.
You didn't know any spells.
Your spell library was empty.

Dungeon Overview and Level Annotations

Branches:
Dungeon (5/15)
 Temple: D:4-7

Altars:
Elyvilon
Hepliaklqana
Ru
Wu Jian

Annotations:
D:5 Duvessa


Message History

The net rips apart, and Duvessa comes free!
Duvessa rages.
You open the door. You block Duvessa's attack.
Found 10 gold pieces.
There is an open door here.
Duvessa is no longer moving quickly.
Duvessa rages.
Duvessa hits you with a +0 short sword!
* * * LOW HITPOINT WARNING * * *
You block Duvessa's attack.
You see here 10 gold pieces.
You now have 229 gold pieces (gained 10).
You block Duvessa's attack. x2
It was a potion of cancellation.
Your magical effects are unravelling.
You feel magically purged.
You are no longer glowing.
Duvessa is no longer berserk.
Duvessa hits you with a +0 short sword.
You die...

############
#....#.....#
#....'.....#
#...e#.....#
#..@.#.....#
#....#.....#
#....#..)..#
#....#.....#
##...#..#'######
#######..##...##
#.........#
#.........#
#.........#


You could see Duvessa.

Vanquished Creatures
  A phantom (D:5)
  An ogre (D:4)
  A centaur (D:5)
  Dowan (D:5)
  A bullfrog skeleton (D:5)
  2 orc wizards
  A worker ant (D:4)
  5 adders
  2 oozes
  4 worms
  2 dart slugs
  6 leopard geckos
  12 orcs
  3 giant cockroaches
  2 hobgoblins (D:3)
  4 jackals (D:3)
  2 quokkas
  A ball python (D:1)
  6 bats
  3 frilled lizards
  3 goblins
  7 kobolds
  6 rats
76 creatures vanquished.

Vanquished Creatures (collateral kills)
  Eustachio (D:4)
  An ice beast (D:5)
  A jelly (D:5)
  A bullfrog skeleton (D:5)
  An adder (D:5)
  An ooze (D:4)
6 creatures vanquished.

Vanquished Creatures (others)
  An ancestor (D:5)
1 creature vanquished.

Grand Total: 83 creatures vanquished

Notes
Turn   | Place    | Note
-------+----------+-------------------------------------------
     0 | D:1      | Gwenloh the Merfolk Gladiator began the quest for the Orb.
     0 | D:1      | Reached XP level 1. HP: 16/16 MP: 1/1
   392 | D:1      | Reached XP level 2. HP: 23/23 MP: 2/2
  1052 | D:2      | Reached skill level 5 in Polearms
  1052 | D:2      | Reached XP level 3. HP: 28/28 MP: 3/3
  1474 | D:3      | Reached skill level 5 in Dodging
  1474 | D:3      | Reached XP level 4. HP: 30/35 MP: 4/4
  1504 | D:3      | Found an ornate altar of the Wu Jian Council.
  1859 | D:3      | Found a sacrificial altar of Ru.
  1892 | D:3      | Reached XP level 5. HP: 38/41 MP: 5/5
  1913 | D:3      | Found a faded altar of an unknown god.
  2138 | D:3      | Reached skill level 6 in Polearms
  2263 | D:4      | Noticed an ogre
  2270 | D:4      | Killed an ogre
  2270 | D:4      | Reached XP level 6. HP: 6/48 MP: 6/6
  2555 | D:4      | Noticed Eustachio
  3253 | D:4      | Found a hazy altar of Hepliaklqana.
  3275 | D:4      | Became a worshipper of Hepliaklqana the Forgotten
  3761 | D:4      | Killed Eustachio
  3761 | D:4      | Reached skill level 7 in Polearms
  3761 | D:4      | Reached skill level 1 in Shields
  3761 | D:4      | Reached XP level 7. HP: 49/49 MP: 7/7
  3893 | D:5      | Entered Level 5 of the Dungeon
  3947 | D:5      | Found a white marble altar of Elyvilon.
  4180 | D:5      | Reached skill level 5 in Fighting
  4318 | D:5      | Noticed Duvessa
  4318 | D:5      | Noticed Dowan
  4344 | D:5      | Killed Dowan
  4344 | D:5      | Reached skill level 8 in Polearms
  4344 | D:5      | Reached XP level 8. HP: 22/56 MP: 8/8
  4363 | D:5      | Slain by Duvessa

Skill      XL: |  1  2  3  4  5  6  7 |
---------------+----------------------+-----
Polearms       | 5 6 7 8 |  8.0
Fighting       | 3 4 5 |  5.5
Dodging        | 5 6 7 |  7.3
Shields        | 1 2 |  2.9
Throwing       | |  2.0

Action                   |  1- 3 |  4- 6 |  7- 9 || total
-------------------------+-------+-------+-------++-------
Melee: Trident           |   105 |   186 |    73 ||   364
Throw: Throwing net      |       |     1 |     2 ||     3
Invok: Ancestor Identity |       |     1 |       ||     1
  Use: Scroll            |     6 |     1 |       ||     7
       Potion            |       |       |     1 ||     1
 Stab: Distracted        |       |       |     1 ||     1
  Eat: Chunk             |     2 |     6 |     3 ||    11
Armor: Leather armour    |     6 |       |       ||     6
       Scale mail        |    15 |     8 |       ||    23
       Ring mail         |       |    41 |    16 ||    57
Dodge: Dodged            |    41 |    98 |    18 ||   157
Block: Shield            |       |    19 |    27 ||    46
